[Event "Early-Titled-Tuesday-Blitz-April-02-2024"]
[Site "Chess.com"]
[Date "2024.04.02"]
[Round "9"]
[White "TitarovVasiliYouTube"]
[Black "MrChessSponge"]
[Result "1-0"]
[WhiteElo "2646"]
[BlackElo "2554"]
[TimeControl "180+1"]
[EndTime "9:46:48 PDT"]
[Termination "TitarovVasiliYouTube won by resignation"]

1. g3 d5 2. Bg2 c6 3. Nf3 Bf5 4. O-O e6 5. c4 Nd7 6. cxd5 cxd5 7. d3 Ngf6 8. Nc3 Be7 9. Nh4 Bg6 10. Qb3 Qb6 11. Nxg6 hxg6 12. Qxb6 Nxb6 13. Be3 O-O 14. Nb5 Na4 15. b3 Nc5 16. Rfc1 Rfc8 17. Bf1 a6 18. Nd4 Ng4 19. Rc2 Nxe3 20. fxe3 Nd7 21. Rac1 Nb6 22. Kf2 Rxc2 23. Rxc2 Rc8 24. Rxc8+ Nxc8 25. Bg2 Nd6 26. Nc2 Kf8 27. g4 Ke8 28. Kg3 Kd7 29. h4 b5 30.
b4 Ne8 31. e4 dxe4 32. Bxe4 Nf6 33. Bb7 Nd5 34. a3 Nc7 35. Nd4 Bf6 36. Nb3 Bb2 37.
Nc5+ Ke7 38. Nxa6 Nxa6 39. Bxa6 Bxa3 40. Bxb5 Bxb4 41. Bc4 Be1+ 42. Kh3 Kf6 43. Bb5 g5 44. h5 Ke7 45. Kg2 Kd6 46. Kf3 f5 47. Ba6 Ke5 48.
Bc8 Bc3 49. e3 f4 50. exf4+ gxf4 51. Bb7 Bd4 52. Be4 Bb6 53. g5 Bd8 54. Kg4 Be7 55. Bf3 Bd8 56. Bc6 Be7 57. Bd7 Bd8 58. Be8 Be7 59.
Bf7 Bd8 60. Bg8 Be7 61. Bh7 Bd8 62. Be4 Be7 63. h6 gxh6 64. gxh6 Bf6 65. Kh5 Kd4 66. Kg6 Be5 67. Kf7 Ke3 68. Kxe6 Bd4 69. Kd5 Bc3 70. h7 f3 71. Bxf3 Kxf3 72. d4 1-0

[Event "Early-Titled-Tuesday-Blitz-April-02-2024"]
[Site "Chess.com"]
[Date "2024.04.02"]
[Round "9"]
[White "ValentinDragnev"]
[Black "sathvikadiga"]
[Result "0-1"]
[WhiteElo "2714"]
[BlackElo "2577"]
[TimeControl "180+1"]
[EndTime "9:46:49 PDT"]
[Termination "sathvikadiga won on time"]

1. d4 Nf6 2. c4 g6 3. Nf3 Bg7 4.
g3 d6 5. Bg2 O-O 6. O-O Nc6 7.
Nc3 e5 8. dxe5 dxe5 9. Qxd8 Rxd8 10. Bg5 Be6 11. b3 h6 12. Bxf6 Bxf6 13. Rac1 Bg7 14.
Rfd1 f5 15. Nd5 Rac8 16. e3 Kf7 17. a3 e4 18. Ne1 g5 19. Rd2 Ne7 20. Rcd1 c6 21. Nxe7 Kxe7 22. f3 Rxd2 23. Rxd2 Bc3 24. Rd1 Rd8 25. Rxd8 Kxd8 26. Nc2 exf3 27. Bxf3 Kc7 28.
Kf2 b5 29. Be2 a6 30. Nd4 Bd7 31. cxb5 axb5 32. Bd3 f4 33. gxf4 gxf4 34. Nc2 fxe3+ 35. Kxe3 Kb6 36. b4 c5 37. Kf4 c4 38. Bf5 Bd2+ 39. Ke5 Bc6 40. Be4 Be8 41. h3 Bh5 42. Bf5 Bd1 43.
Kd4 h5 44. Bg6 h4 45. Bf5 Bc1 46. Kd5 Bb2 47. Be4 Be2 48. Bf5 Bf1 49. Kd6 Bd3 50.
Ke6 Bxc2 51. Bxc2 Bxa3 52. Kd5 Bxb4 53. Bd1 Bd2 54. Be2 c3 55. Bd1 Ka5 56. Kc5 Be3+ 57. Kd5 Kb4 58. Ke4 Bd2 59. Kd3 Ka3 60. Kd4 Kb2 61.
Kd3 b4 62. Ba4 b3 0-1

[Event "Early-Titled-Tuesday-Blitz-April-02-2024"]
[Site "Chess.com"]
[Date "2024.04.02"]
[Round "9"]
[White "GM_Levan_Pantsulaia"]
[Black "MITerryble"]
[Result "1-0"]
[WhiteElo "2916"]
[BlackElo "3005"]
[TimeControl "180+1"]
[EndTime "9:46:54 PDT"]
[Termination "GM_Levan_Pantsulaia won on time"]

1. Nf3 g6 2. g3 Bg7 3. Bg2 e5 4. O-O Nc6 5. c4 d6 6. Nc3 Nge7 7. Rb1 O-O 8. b4 Nd4 9. d3 Ne6 10. a4 h6 11. e4 f5 12. exf5 Nxf5 13. a5 Rb8 14.
Re1 g5 15. Be3 Nxe3 16. fxe3 c6 17. Nd2 Bd7 18. Rf1 Qe7 19. Rxf8+ Rxf8 20. a6 bxa6 21. Qa4 Nd8 22. Qxa6 Bf5 23. Nde4 g4 24. b5 Bxe4 25.
Nxe4 d5 26. cxd5 cxd5 27. Qa2 Ne6 28. Qxd5 Rd8 29. Qc4 Kh8 30. Rf1 Ng5 31. Nc3 Qd7 32. Nd5 Rc8 33. Qb4 Nf3+ 34. Bxf3 gxf3 35. Qe4 Rd8 36.
Nb4 Qxb5 37. Rxf3 a5 38. Nc6 Qxd3 39. Qxd3 Rxd3 40. Nxa5 e4 41. Rf4 Rxe3 42. Nc4 Re2 43. h4 Bc3 44. Kf1 Re1+ 45. Kf2 Kh7 46. Ne3 Ra1 47.
Rxe4 Ra7 48. Kf3 Rf7+ 49. Kg2 Bd2 50. Nc4 Bc3 51. Nd6 Rd7 52. Re6 Bg7 53. Nf5 Bf8 54.
Kh3 Rf7 55. g4 Ra7 56. h5 Ra3+ 57. Kh4 Ra7 58. Rf6 Bg7 59. Rg6 Bf8 60. Kg3 Ra3+ 61. Kf4 Ra5 62. Ke4 Rb5 63. Rf6 Rb8 64. Kd5 Rd8+ 65. Ke6 Ra8 66. Kf7 Rb8 67. Re6 Ra8 68.
Rc6 Rb8 69. Rc7 Ra8 70. Kf6+ Kg8 71. Rc6 Ra7 72. Kg6 Kh8 73. Nxh6 Rg7+ 74. Kf5 Ra7 75. g5 Ra5+ 76. Kg6 Ra7 77. Nf7+ Kg8 78. Ne5 Ra5 79. Re6 1-0

[Event "Early-Titled-Tuesday-Blitz-April-02-2024"]
[Site "Chess.com"]
[Date "2024.04.02"]
[Round "9"]
[White "chess123456s"]
[Black "PIwan"]
[Result "0-1"]
[WhiteElo "2578"]
[BlackElo "2458"]
[TimeControl "180+1"]
[EndTime "9:46:57 PDT"]
[Termination "PIwan won by resignation"]

1. d4 e6 2. e4 d5 3. Bd3 dxe4 4. Bxe4 Nf6 5. Bf3 c5 6. Ne2 Nc6 7. Be3 e5 8. Bxc6+ bxc6 9. dxe5 Qxd1+ 10. Kxd1 Ng4 11. Nd2 Be7 12. Re1 Nxe3+ 13. fxe3 Be6 14. c3 O-O-O 15. Kc2 Rd5 16. Nf4 Rxe5 17. Nxe6 Rxe6 18. Nf3 Re8 19. Re2 f5 20. Rae1 g5 21. Nd2 g4 22. Nc4 Bg5 23. g3 Kc7 24. Rf1 Re4 25. b3 f4 26. gxf4 Bxf4 27. Kd3 Bg5 28. Rf7+ R8e7 29.
Ref2 h5 30. R2f5 Rxf7 31. Rxf7+ Re7 32. Rf5 Rg7 33. Rxc5 h4 34. Ne5 g3 35. hxg3 hxg3 36. Nf3 Be7 37. Rf5 g2 38. Ng1 Bd6 39. Ke2 Bg3 40.
Kf3 Bh2 41. Kf2 Kb6 42. Rh5 Bd6 43. b4 a6 44. a4 Be7 45. a5+ Kc7 46. Rh6 Bg5 47. Rh5 Bf6 48. Rc5 Bh4+ 49. Ke2 Rf7 50. Rh5 Rf2+ 51. Kd3 Bf6 52. Rh7+ Kc8 53. Rf7 Rf1 54. Nh3 Be5 55. Re7 Bd6 56. Re8+ Kd7 57. Rg8 Rd1+ 58. Kc4 Rh1 59. Rg7+ Be7 60. Nf4 g1=Q 61.
Rxg1 Rxg1 62. Nd3 Rd1 63. Ne5+ Kc7 64. Nf3 Rf1 65. Nd4 Re1 66. Ne6+ Kd6 67. Nc5 Rxe3 68. Nxa6 Bf6 69. Kb3 Rxc3+ 70. Ka4 Rc4 71. Nc5 Rxc5 72. bxc5+ Kxc5 73. a6 Kb6 0-1

[Event "Early-Titled-Tuesday-Blitz-April-02-2024"]
[Site "Chess.com"]
[Date "2024.04.02"]
[Round "9"]
[White "SuperJesus88"]
[Black "MarkusRagger"]
[Result "1/2-1/2"]
[WhiteElo "2556"]
[BlackElo "2708"]
[TimeControl "180+1"]
[EndTime "9:47:00 PDT"]
[Termination "Game drawn - insufficient material"]

1. e4 e5 2. Nf3 Nc6 3. d4 exd4 4. Nxd4 Nf6 5. Nxc6 bxc6 6. Bd3 d5 7. exd5 cxd5 8. O-O Be7 9. Nc3 O-O 10. h3 c5 11. Re1 Be6 12. Bf4 Bd6 13. Bg5 Rb8 14. b3 h6 15. Bd2 c4 16. Bf1 Bc5 17. Na4 Be7 18. Be3 a5 19. Bd4 cxb3 20. axb3 Ne4 21. Bd3 Bb4 22. Re3 Bf5 23. f3 Ng3 24. Be5 Bxd3 25.
Bxg3 Bg6 26. Bxb8 Qxb8 27. Qxd5 Bxc2 28. Rc1 Bg6 29. Kh1 Kh7 30. Rd1 Qf4 31. Qd4 Qg3 32. Nc5 Rc8 33. Ne4 Qf4 34. Red3 Rc2 35. Qg1 Bxe4 36.
fxe4 Qxe4 37. Rf3 f6 38. Qe3 Qxe3 39. Rxe3 f5 40. Rf3 Rc5 41. Rdf1 Kg6 42. g3 Kg5 43. Kg2 g6 44. h4+ Kf6 45. Kh3 h5 46. Rd1 Rc6 47.
Rfd3 Re6 48. Rd5 Re3 49. R1d3 Re2 50. Rb5 Re6 51. Rbd5 Rc6 52. Rb5 Re6 53. Rd8 Rc6 54. Rdb8 Rc3 55. R8b6+ Kg7 56. Rb7+ Kh6 57. Rd5 f4 58.
Rg5 Rxb3 59. Kg2 Rxg3+ 60. Rxg3 fxg3 61. Kxg3 Bc3 62. Kh3 a4 63. Rc7 Bb2 64. Ra7 a3 65. Kg3 Be5+ 66. Kf3 Bd6 67. Ra6 Be7 68. Ra7 Bf8 69.
Ra8 Kg7 70. Ra6 Kf7 71. Ke4 Be7 72. Kd5 Bxh4 73. Rxa3 Kf6 74. Ke4 Kg5 75. Ra6 Bg3 76. Kf3 Be5 77. Ra5 Kf5 78. Ra8 g5 79. Rf8+ Bf6 80.
Kg2 g4 81. Rg8 h4 82. Rh8 h3+ 83. Rxh3 gxh3+ 84. Kxh3 1/2-1/2

[Event "Early-Titled-Tuesday-Blitz-April-02-2024"]
[Site "Chess.com"]
[Date "2024.04.02"]
[Round "9"]
[White "Chessexplained"]
[Black "Donskov_AN"]
[Result "1-0"]
[WhiteElo "2555"]
[BlackElo "2382"]
[TimeControl "180+1"]
[EndTime "9:47:03 PDT"]
[Termination "Chessexplained won on time"]

1. d4 d5 2. Nf3 Nf6 3. g3 c5 4. Bg2 cxd4 5. O-O g6 6. Nxd4 Bg7 7. c4 e5 8. Nb3 Be6 9. Nc3 d4 10. Bxb7 Nbd7 11. Nb5 Rb8 12. Bg2 O-O 13. Nxa7 Qc7 14. Nc6 Rb6 15. Nba5 Nb8 16. Nxb8 Rfxb8 17. b4 Bxc4 18.
Nxc4 Qxc4 19. a3 Nd5 20. Qd3 Qxd3 21. exd3 Nc3 22. Bd2 f5 23. Bxc3 dxc3 24. Rfc1 Rd6 25. Bf1 e4 26. dxe4 fxe4 27. Re1 Rd2 28. Rac1 c2 29. Re2 Rxe2 30. Bxe2 Rc8 31. Bd1 cxd1=Q+ 32. Rxd1 Bb2 33. Re1 Bxa3 34. Rxe4 Rc1+ 35. Kg2 Rb1 36. Re8+ Kf7 37. Rh8 Kg7 38. Rd8 Rxb4 39. Rd7+ Kh6 40.
h4 Rb2 41. g4 Bc5 42. Kh3 Rb3+ 43. Kg2 g5 44. h5 Rb6 45. Rd5 Rc6 46. Rf5 Bb6 47. f3 Be3 48. Rd5 Bf4 49. Kf1 Re6 50. Rd7 Rf6 51. Rd5 Re6 52. Kg1 Rd6 53. Rf5 Kg7 54. Rb5 h6 55. Rb7+ Kf6 56. Rh7 Ke5 57.
Rf7 Kd4 58. Kf1 Rc6 59. Re7 Rc1+ 60. Ke2 Rc2+ 61. Kf1 Rc3 62. Re4+ Kd5 63. Kf2 Rc2+ 64. Kf1 Rc3 65. Kf2 Rc4 66. Re7 Rc6 67. Re4 Be5 68. Ke2 Rc2+ 69. Kf1 Bd4 70. Ke1 Rb2 71. Re7 Rf2 72.
Rd7+ Kc5 73. Rxd4 Kxd4 74. Kxf2 Kd3 75. f4 gxf4 76. g5 1-0

[Event "Early-Titled-Tuesday-Blitz-April-02-2024"]
[Site "Chess.com"]
[Date "2024.04.02"]
[Round "9"]
[White "Aradhya2000"]
[Black "Alexander_Donchenko"]
[Result "1/2-1/2"]
[WhiteElo "2761"]
[BlackElo "2894"]
[TimeControl "180+1"]
[EndTime "9:47:06 PDT"]
[Termination "Game drawn - insufficient material"]

1. d4 Nf6 2. c4 g6 3. g3 Bg7 4. Bg2 O-O 5. Nf3 d6 6. Nc3 c5 7. dxc5 dxc5 8. Be3 Qb6 9. O-O Ng4 10. Nd5 Nxe3 11.
Nxb6 Nxd1 12. Nxa8 Nxb2 13. Nc7 Nc6 14. Rac1 Bg4 15. h3 Bf5 16. Nh4 Bd7 17. Nd5 e6 18. Ne3 Nd4 19. Rfe1 b6 20. Nd1 Na4 21. Nf3 Rc8 22. e3 Nc6 23. Re2 Na5 24. Rd2 Be8 25.
Ng5 h6 26. Ne4 Kf8 27. Bf1 Ke7 28. Nec3 f5 29. Nxa4 Bxa4 30. Nc3 Bc6 31. Nb5 Bxb5 32. cxb5 c4 33. Kg2 c3 34. Rdc2 Nb7 35. Kf3 Rc5 36.
g4 Nd6 37. a4 Ne4 38. Bd3 Nd2+ 39. Ke2 Kd6 40. gxf5 gxf5 41. Rg1 Bf6 42. Rg6 Ke7 43. Rxh6 Nb3 44. Rh7+ Kd6 45. Rxa7 Na1 46. Rc1 c2 47. Bxc2 Nxc2 48. Kd1 Nb4 49. Rxc5 Kxc5 50. Rf7 Bh4 51. Ke2 Nd5 52. Rh7 Bf6 53. h4 Kb4 54. h5 Kxa4 55.
Rf7 Kxb5 56. h6 Kc5 57. h7 Bb2 58. Rf8 b5 59. Kd2 b4 60. h8=Q Bxh8 61. Rxh8 Kd6 62. Rb8 Ke5 63. Kd3 Kf6 64. Kd4 Ne7 65. Kc5 Nd5 66. Kd6 Nc3 67. Rxb4 Ne4+ 68. Kd7 Nxf2 69. Rb6 Ng4 70. Rxe6+ Kg5 71. Kd6 Kh4 72. Kd5 Kg3 73. Kd4 f4 74. e4 f3 75. Re8 f2 76. Rf8 Nh2 77. Rxf2 Kxf2 78. e5 Nf3+ 79. Kd5 Nxe5 1/2-1/2

[Event "Early-Titled-Tuesday-Blitz-April-02-2024"]
[Site "Chess.com"]
[Date "2024.04.02"]
[Round "9"]
[White "Meri-Arabidze"]
[Black "guillembaches"]
[Result "1-0"]
[WhiteElo "2690"]
[BlackElo "2560"]
[TimeControl "180+1"]
[EndTime "9:47:12 PDT"]
[Termination "Meri-Arabidze won on time"]

1. Nf3 d5 2. c4 e6 3. g3 Nf6 4. Bg2 Bd6 5. O-O O-O 6. b3 dxc4 7. bxc4 e5 8. d3 c6 9. Bb2 Re8 10. Nc3 Na6 11. Nd2 Nc5 12. Nb3 Bg4 13. h3 Bh5 14. Ba3 Ne6 15. Bxd6 Qxd6 16. Qd2 Rad8 17. Rab1 Re7 18. Na5 Nc5 19. Nb3 Ne6 20. Na5 Nc5 21. Qc2 Bg6 22. Na4 Nxa4 23. Qxa4 Rdd7 24. Rfc1 e4 25.
c5 Qe5 26. Nc4 Qh5 27. g4 Qh4 28. Nd6 exd3 29. exd3 h5 30. Rb4 hxg4 31. hxg4 Bxd3 32. Qb3 Ba6 33. Nf5 Qg5 34. Nxe7+ Rxe7 35. Rd1 Nd5 36. Bxd5 cxd5 37. Qg3 Bc4 38. c6 bxc6 39. Rb8+ Kh7 40. Kg2 Re6 41. Rh1+ Rh6 42. Rxh6+ Qxh6 43. Qe5 Qg6 44.
Qh2+ Qh6 45. Qxh6+ Kxh6 46. f4 Bxa2 47. Rb7 Bc4 48.
Rxa7 Kg6 49. Kf3 Kf6 50. Ke3 g6 51. Rc7 Ke6 52. Rxc6+ Ke7 53. Rc7+ Ke6 54. Kd4 Kd6 55. Rxf7 Ke6 56. Rg7 Kf6 57. Rc7 Ke6 58. Rc6+ Kf7 59. Ke5 Bd3 60. Rc7+ Kg8 61. Kf6 Be4 62. Rd7 Kh8 63. g5 Kg8 64. Rd8+ Kh7 65. Rd7+ Kg8 66. Re7 Kh8 67. Re8+ Kh7 68. Rb8 Bf5 69. Rd8 Be4 70. Ke5 Kg7 71. Rd7+ Kg8 72. Re7 Kf8 73. Ra7 Kg8 74. Ra4 Kf7 75. Rd4 Kg8 76. Rxe4 dxe4 77. Kxe4 Kf7 78. Kd5 Ke7 79. Ke5 Kf7 80. Kd6 Kg8 81. Ke6 Kg7 82. Ke7 Kg8 83. Kf6 Kh7 84. Kf7 1-0

[Event "Early-Titled-Tuesday-Blitz-April-02-2024"]
[Site "Chess.com"]
[Date "2024.04.02"]
[Round "9"]
[White "tarno17"]
[Black "rhwr"]
[Result "0-1"]
[WhiteElo "2140"]
[BlackElo "2257"]
[TimeControl "180+1"]
[EndTime "9:47:13 PDT"]
[Termination "rhwr won by checkmate"]

1. e4 c5 2. Nf3 d6 3. Bb5+ Nd7 4.
O-O a6 5. Bxd7+ Bxd7 6. d3 g6 7. Nc3 Bg7 8. Ne2 Nf6 9. Ng3 O-O 10. h3 Qc8 11. Bg5 Re8 12. Qd2 b5 13. Bh6 Bh8 14. Qg5 c4 15. Nh4 Qc5 16. Qd2 cxd3 17. cxd3 Rac8 18.
Rac1 Qb6 19. Rxc8 Rxc8 20. Ngf5 Re8 21. Qg5 e6 22. Ng3 Qc5 23. Qd2 Nh5 24. Kh2 Be5 25. Be3 Nxg3 26. fxg3 Qc7 27. Bf4 d5 28. Nf3 Bxf4 29. gxf4 dxe4 30. dxe4 Bc6 31. e5 Rd8 32.
Qe3 Bxf3 33. Qxf3 Rd2 34. Rf2 Rxf2 35. Qxf2 Qc4 36. a3 a5 37. g3 a4 38. h4 h5 39. Kg2 b4 40. axb4 Qxb4 41. Qc2 Kg7 42.
Kh2 Qd4 43. Kg2 Qd5+ 44. Kh2 Qb5 45. Kg2 Kf8 46. Qc8+ Ke7 47. Qc7+ Qd7 48. Qc5+ Ke8 49.
Qc2 Qb7+ 50. Kh2 Kd7 51. Qd3+ Kc7 52. Qc4+ Qc6 53. Qe2 Kb7 54. Qd2 Kb6 55. Qb4+ Qb5 56. Qd6+ Ka5 57. Qd2+ Qb4 58. Qd8+ Kb5 59. Qb8+ Kc4 60.
Qc7+ Kb3 61. Qxf7 Kxb2 62. Qxe6 a3 63. Qxg6 a2 64. e6 a1=Q 65. Qxh5 Qd2+ 66. Kh3 Qh1+ 67. Kg4 Qhd1+ 68. Kg5 Qd5+ 69. f5 Qxh5+ 70. Kxh5 Qxf5+ 71. Kh6 Qxe6+ 72. Kg5 Qg8+ 73. Kh5 Qxg3 74. Kh6 Qg8 75. h5 Qh8+ 76. Kg6 Kc3 77. h6 Kd4 78. Kg5 Ke5 79.
Kg6 Ke6 80. Kg5 Kf7 81. Kh5 Qh7 82. Kg5 Ke6 83. Kh5 Kf5 84. Kh4 Qg6 85. h7 Qg4# 0-1

[Event "Early-Titled-Tuesday-Blitz-April-02-2024"]
[Site "Chess.com"]
[Date "2024.04.02"]
[Round "9"]
[White "alexrustemov"]
[Black "Egor_Koshulyan"]
[Result "0-1"]
[WhiteElo "2871"]
[BlackElo "2754"]
[TimeControl "180+1"]
[EndTime "9:47:18 PDT"]
[Termination "Egor_Koshulyan won by checkmate"]

1. d4 d5 2. c4 e6 3. Nc3 Nf6 4.
Nf3 c6 5. e3 Nbd7 6. Qc2 Bd6 7.
Bd2 O-O 8. O-O-O dxc4 9. Bxc4 b5 10. Bd3 Qc7 11. e4 e5 12. Kb1 Bb7 13. Rhe1 Rad8 14. dxe5 Nxe5 15. Nxe5 Bxe5 16. g3 Ng4 17. f4 Nf2 18.
fxe5 Nxd3 19. Re3 Nxe5 20. Nxb5 Qb6 21. Na3 Ba6 22. Ka1 Ng4 23. Ree1 Bd3 24. Qc3 Nf2 25. Rc1 Nxe4 26. Qa5 Nxd2 27. Qxd2 Bf5 28. Qc3 Rb8 29. Nc4 Qa6 30. b3 Be6 31. Kb2 Rb4 32. Ne5 Rb7 33. Nxc6 Kh8 34. Red1 Rc7 35. Nb4 Qe2+ 36. Qd2 Qe5+ 37.
Qd4 Rxc1 38. Kxc1 Qb5 39. Kb2 Rc8 40. Rd2 h6 41. Nc2 a5 42. Na3 Qf5 43. Rc2 Rb8 44. Nc4 a4 45. Qc3 axb3 46. axb3 Qf1 47. Rc1 Qe2+ 48.
Rc2 Qe4 49. Rd2 Qxc4 50. Qxc4 Bxc4 51. Kc3 Bxb3 52. Rb2 Rc8+ 53. Kxb3 Rb8+ 54. Kc2 Rxb2+ 55. Kxb2 Kh7 56. Kc3 Kg6 57. Kd4 Kf5 58. h3 g5 59.
Kd5 h5 60. Kd4 f6 61. Ke3 Ke5 62. Kf3 f5 63. Ke3 f4+ 64. gxf4+ gxf4+ 65. Kf2 h4 66. Ke2 Ke4 67. Kf2 f3 68. Kf1 Kf4 69. Kf2 Ke4 70. Kf1 Kf5 71. Kg1 Ke5 72. Kf1 Ke4 73. Kf2 Kf4 74. Kf1 Kg3 75. Kg1 Kxh3 76. Kf2 Kg4 77. Kg1 Kg3 78. Kh1 Kf2 79. Kh2 Ke2 80. Kh3 f2 81.
Kxh4 f1=Q 82. Kg5 Qf3 83. Kg6 Qd5 84. Kg7 Qe6 85. Kf8 Qd7 86. Kg8 Qe7 87. Kh8 Kf3 88. Kg8 Kg4 89. Kh8 Kg5 90. Kg8 Kg6 91. Kh8 Qe8# 0-1

[Event "Early-Titled-Tuesday-Blitz-April-02-2024"]
[Site "Chess.com"]
[Date "2024.04.02"]
[Round "9"]
[White "tactic"]
[Black "Balla_Tamas"]
[Result "0-1"]
[WhiteElo "2585"]
[BlackElo "2485"]
[TimeControl "180+1"]
[EndTime "9:47:31 PDT"]
[Termination "Balla_Tamas won on time"]

1. e4 c5 2. c3 Nf6 3. e5 Nd5 4. Nf3 Nc6 5. Na3 e6 6. g3 Be7 7. Bg2 O-O 8. O-O b6 9. Qe2 Bb7 10. Nc4 d6 11. exd6 Bxd6 12. Nxd6 Qxd6 13. d3 Nf6 14.
Rd1 Rad8 15. Bf4 Qd7 16. d4 cxd4 17. Nxd4 Nxd4 18. Rxd4 Qe7 19. Rad1 Bxg2 20. Kxg2 Rxd4 21. Rxd4 Nd5 22. Bd2 Qb7 23. Qf3 Qa6 24. a3 Ne7 25. Rd7 Ng6 26. Qe4 Qb5 27. Rxa7 Qxb2 28. Be3 h6 29. Qb7 Qxc3 30. Bxb6 h5 31. Qc7 Qd3 32. Qc6 h4 33. Be3 Ne5 34. Qb7 Rd8 35. Bf4 h3+ 36.
Kxh3 Qf5+ 37. Kg2 Nd3 38. Be3 Rd5 39. Ra4 Ne1+ 40. Kf1 Rd1 41. Qa8+ Kh7 42. Qe4 Nf3+ 43. Ke2 Re1+ 44. Kd3 Ne5+ 45. Kc2 Re2+ 46. Kd1 Ra2 47.
Qxf5+ exf5 48. Ra5 Nf3 49. Kc1 Nxh2 50. Rxf5 Ng4 51.
Bc5 f6 52. Rf4 Ne5 53. Kb1 Re2 54. Rc4 Nd3 55. Be3 Nxf2 56. Bxf2 Rxf2 57. Rc3 Rf5 58. Kb2 Kg6 59. a4 Kg5 60. Ra3 Kg4 61. a5 Rd5 62. a6 Rd8 63. a7 Ra8 64. Kb3 f5 65. Kb4 g5 66. Kb5 f4 67. gxf4 gxf4 68. Ra4 Kg3 69.
Ka6 f3 70. Ra3 Kg2 71. Ra5 f2 72. Rg5+ Kh1 73. Rh5+ Kg1 74. Rg5+ Kh1 75. Rh5+ Kg1 76. Kb7 Rxa7+ 77. Kxa7 f1=Q 78. Rg5+ Kh2 79. Rc5 Kg3 80. Kb6 Qb1+ 81. Kc6 Kf4 82. Rc4+ Ke5 83. Kc5 Qg1+ 84. Kb4 Kd5 85. Kb3 Qb1+ 86. Kc3 Qc1+ 87. Kb3 Qxc4+ 88. Ka3 Qb5 89. Ka2 Qb4 0-1

[Event "Early-Titled-Tuesday-Blitz-April-02-2024"]
[Site "Chess.com"]
[Date "2024.04.02"]
[Round "9"]
[White "Blackwhite017"]
[Black "zeitnotakrobat"]
[Result "1-0"]
[WhiteElo "2087"]
[BlackElo "2178"]
[TimeControl "180+1"]
[EndTime "9:47:46 PDT"]
[Termination "Blackwhite017 won by resignation"]

1. e4 c5 2. Nf3 Nc6 3. d4 cxd4 4.
Nxd4 Qc7 5. Nc3 e6 6. Nxc6 bxc6 7.
Bd3 Nf6 8. O-O Be7 9. Qf3 e5 10. Qg3 g6 11. f4 Nh5 12. Qf2 exf4 13. Bxf4 Nxf4 14. Qxf4 Qxf4 15. Rxf4 Bd6 16. Rf6 Be5 17. Rff1 Rb8 18. Rab1 f6 19. Na4 d6 20. b3 Ke7 21.
Nb2 Be6 22. Nc4 Bd4+ 23. Kh1 Rhc8 24. Rbe1 Ra8 25. a4 Rab8 26. h3 Rd8 27. Re2 Kf7 28. Kh2 Kg7 29. g3 h5 30. h4 Bg4 31. Rd2 Bc3 32.
Rdf2 Bd4 33. Rf4 Rd7 34. e5 Bxe5 35. Nxe5 fxe5 36. Rf6 Bf5 37. Bxf5 gxf5 38. R6xf5 Re8 39.
Rxh5 Re6 40. Rg5+ Rg6 41. Rgf5 Re7 42. h5 Rge6 43. g4 e4 44. g5 e3 45. Re1 d5 46. c3 Re4 47. Rf3 e2 48. Kg2 R7e5 49.
g6 Rxh5 50. Rf2 Rg5+ 51. Kf3 Rxg6 52. Rfxe2 Rf6+ 53. Kg3 Rxe2 54. Rxe2 Kf7 55. Re3 Rg6+ 56. Kf3 Rf6+ 57. Ke2 Rh6 58. Kd3 Rh2 59. Kd4 Rb2 60. b4 Ra2 61. a5 Rd2+ 62. Kc5 Kf6 63. Kxc6 d4 64. cxd4 Rxd4 65. Rb3 Ke6 66. Kb7 Rd7+ 67. Kc6 Ke7 68. Rc3 Kd8 69. Rc5 Rc7+ 70. Kb5 Rb7+ 71.
Ka4 Rf7 72. Kb5 Rb7+ 73. Ka4 Rh7 74. a6 Rh6 75. Ka5 Rg6 76. Rf5 Re6 77. Kb5 Kc7 78.
Rc5+ Kb8 79. Rg5 Rb6+ 80. Ka5 Re6 81. b5 Rf6 82. Rg8+ Kc7 83. Rg7+ Kb8 84. Rb7+ Ka8 85. Rh7 Kb8 86. Rh8+ Kc7 87. Ra8 Kd6 88. Rxa7 Rf1 89. Rb7 Ra1+ 90. Kb6 Ra2 91. a7 Ra3 92. Rb8 Kd5 93.
a8=Q+ 1-0

[Event "Early-Titled-Tuesday-Blitz-April-02-2024"]
[Site "Chess.com"]
[Date "2024.04.02"]
[Round "9"]
[White "EvgenyBurmakin"]
[Black "WilsonPalencia21"]
[Result "0-1"]
[WhiteElo "2357"]
[BlackElo "2566"]
[TimeControl "180+1"]
[EndTime "9:48:03 PDT"]
[Termination "WilsonPalencia21 won on time"]

1. e4 c5 2. Nc3 Nc6 3. Bb5 Nd4 4.
Bc4 g6 5. Nf3 Bg7 6. Nxd4 cxd4 7.
Qf3 Nh6 8. Ne2 O-O 9. d3 Ng4 10. Bb3 d6 11. h3 Ne5 12. Qg3 a5 13. a4 Qb6 14. O-O Kh8 15. f4 Nc6 16. f5 Ne5 17.
Bg5 f6 18. Bd2 gxf5 19. exf5 Bd7 20. Rf4 Bh6 21. Raf1 Rg8 22. Qh4 Bg5 23. Qf2 Rg7 24. Ng3 Bxf4 25. Bxf4 Bc6 26. Bh6 Rag8 27. Bxg7+ Rxg7 28. Kh2 Rg5 29. Rg1 Qc5 30. Ne2 Rxf5 31. Qxf5 Nf3+ 32. Qxf3 Bxf3 33. gxf3 Qe5+ 34. Kh1 e6 35. Ng3 d5 36. Kg2 Qf4 37. Rf1 h6 38. Re1 e5 39.
Bxd5 Qd2+ 40. Re2 Qc1 41. b3 Kh7 42. Be4+ Kg7 43. Nf5+ Kf8 44. Kh2 Qf4+ 45. Kg1 h5 46.
Rg2 Ke8 47. Rg8+ Kd7 48. Rg7+ Kd8 49. Rxb7 Qc1+ 50. Kg2 Qxc2+ 51. Kg3 Qd2 52. h4 Qf4+ 53. Kf2 Qd2+ 54. Kg3 Qe1+ 55. Kg2 Qe2+ 56. Kg3 Kc8 57. Rf7 Qe1+ 58. Kg2 Qe2+ 59. Kg3 Qe1+ 60. Kg2 Qd2+ 61. Kg3 Qf4+ 62. Kf2 Qh2+ 63. Kf1 Qb2 64. Rxf6 Qxb3 65. Re6 Qxe6 66. Ng7 Qh3+ 67. Ke2 Qxh4 68. Nf5 Qh2+ 69. Ke1 Qf4 70. Nd6+ Kc7 71. Nf5 Qc1+ 72. Kf2 Qb2+ 73. Kg3 Qa1 74. Kh4 Qxa4 75. Kxh5 Qe8+ 76. Kg5 a4 77. Kf6 a3 78. Bd5 Qd8+ 79. Kxe5 Qxd5+ 80. Kxd5 a2 81. Nxd4 a1=Q 82. f4 Qa5+ 83. Ke4 Kd6 84.
Nf3 Qd5+ 85. Ke3 Ke6 86. Ne5 Kf5 87. Nf3 Qc5+ 88. Nd4+ Kf6 89. Ke4 Qc1 90. Nf3 Qc2 91. Ne5 Qe2+ 92. Kd4 Kf5 93. Nc4 Qf2+ 94. Kc3 Qc5 0-1

[Event "Early-Titled-Tuesday-Blitz-April-02-2024"]
[Site "Chess.com"]
[Date "2024.04.02"]
[Round "9"]
[White "Binary010"]
[Black "MasterKroket"]
[Result "1/2-1/2"]
[WhiteElo "2774"]
[BlackElo "2575"]
[TimeControl "180+1"]
[EndTime "9:48:17 PDT"]
[Termination "Game drawn by 50-move rule"]

1. d4 Nf6 2. c4 g6 3. Nc3 Bg7 4.
g3 O-O 5. Bg2 d6 6. Nf3 c6 7.
O-O Nbd7 8. e4 e5 9. h3 Re8 10. Re1 a6 11. a4 a5 12. d5 Nc5 13. Qc2 Nfd7 14. Bg5 f6 15. Be3 Na6 16. Rad1 Qc7 17. dxc6 bxc6 18. Qd2 Bf8 19. Bh6 Bxh6 20. Qxh6 Ndc5 21.
h4 Rd8 22. h5 Qg7 23. Qe3 Be6 24.
h6 Qb7 25. Qe2 Rab8 26. Rb1 Qb4 27. Nd2 Nxa4 28. Nxa4 Qxa4 29. Qf3 Rf8 30. Red1 Nc5 31. Nf1 Rbd8 32. b3 Qb4 33. Ne3 Rd7 34. Nc2 Qb6 35.
Qc3 Rb8 36. b4 axb4 37. Rxb4 Qc7 38. Rxb8+ Qxb8 39. Nb4 Qb7 40. Ra1 Kf7 41. Nc2 Rd8 42.
Qb4 Qxb4 43. Nxb4 Bd7 44. Ra7 Ke6 45. Bh3+ f5 46. exf5+ gxf5 47. Bg2 e4 48. Nc2 Ke5 49. f4+ exf3 50. Bxf3 Ne4 51. Nb4 d5 52. cxd5 cxd5 53. Kg2 Rg8 54. Bxe4 dxe4 55. Rxd7 f4 56. Re7+ Kd4 57.
Nc6+ Ke3 58. Rxh7 Rxg3+ 59. Kh2 Rg5 60. Re7 Rh5+ 61. Kg2 f3+ 62. Kg3 Rxh6 63. Ne5 Rh5 64. Ng4+ Kd3 65. Nf2+ Ke3 66. Rxe4+ Kd2 67. Kxf3 Rf5+ 68.
Kg3 Rf8 69. Ng4 Kc3 70. Re5 Kd4 71. Re7 Kc4 72. Ne5+ Kd5 73. Ng6 Rf6 74. Nf4+ Kc4 75.
Kf3 Rd6 76. Ke3 Rd8 77. Rc7+ Kb5 78. Ke4 Kb6 79. Rc1 Kb5 80. Nd5 Rh8 81. Ke5 Rh5+ 82. Ke6 Rh6+ 83. Nf6 Rh2 84. Ke5 Kb4 85. Nd5+ Kb5 86.
Rc3 Rh5+ 87. Kd6 Rh6+ 88. Kd7 Rh7+ 89. Ke6 Rh6+ 90. Nf6 Rh1 91. Rc8 Kb4 92. Ke5 Kb3 93.
Ne4 Rh7 94. Kd5 Rd7+ 95. Nd6 Rh7 96. Rc6 Kb2 97. Kd4 Rh3 98. Ne4 Rh4 99. Rc4 Kb3 100. Rc3+ Kb2 101. Rc4 Kb3 102. Rc8 Kb2 103. Kd3 Rh3+ 104.
Kc4 Rh4 105. Kd4 Rh3 106. Rc7 Kb3 107. Rb7+ Kc2 108. Ra7 Rh4 109. Ra2+ Kb3 110. Re2 Rg4 111. Kd3 Rh4 112. Re1 Rh3+ 113. Kd4 Rh4 114. Rc1 Kb2 115. Rc8 Kb3 116. Kd3 Kb4 117. Rb8+ 1/2-1/2